 Dungeon Crawl Stone Soup version 0.15-a0-1569-gdbe329f (webtiles) character file.

967 Chiseanne the Magician (level 7, -7/46 HPs)
             Began as a Mummy Fire Elementalist on June 18, 2014.
             Was an Initiate of Vehumet.
             Mangled by a seven-headed hydra (14 damage)
             ... on Level 4 of the Dungeon.
             The game lasted 00:35:19 (29950 turns).

Chiseanne the Magician (Mummy Fire Elementalist)   Turns: 29950, Time: 00:35:19

HP  -7/46        AC  7     Str 11      XL: 7   Next: 93%
MP   5/20        EV 10     Int 16      God: Vehumet [......]
Gold 149         SH  0     Dex 12      Spells:  5 memorised,  4 levels left

rFire  x . .     SeeInvis +     a - +0 hand axe
rCold  + . .     Clarity  .     k - +0 leather armour
rNeg   + + +     rCorr    +     (no shield)
rPois  +         rRot     +     h - +0 helmet
rElec  .         Spirit   .     (no cloak)
SustAb .         Warding  .     q - +0 pair of gloves
rMut   .         Stasis   .     j - +1 pair of boots {run}
Gourm  .                        n - amulet of resist corrosion
MR     .....                    (no ring)
                                g - ring of see invisible

@: quick, not resistant to hostile enchantments, very unstealthy
A: no food or potions, fire vulnerability, restore body, cold resistance 1, life
protection 3, poison resistance, torment resistance, unbreathing
a: Renounce Religion


You were on level 4 of the Dungeon.
You worshipped Vehumet.
Vehumet was noncommittal.
You were not hungry.

You visited 2 branches of the dungeon, and saw 6 of its levels.

You collected 149 gold pieces.

Inventory:

Hand weapons
 a - a +0 hand axe (weapon)
 e - a +2 blowgun
 w - a +1 sling of freezing
Missiles
 d - 25 poisoned needles
 f - 40 sling bullets
 m - 3 tomahawks (quivered)
 p - 15 exploding sling bullets
Armour
 h - a +0 helmet (worn)
 j - a +1 pair of boots of running (worn)
 k - a +0 leather armour (worn)
 l - a +0 shield
 q - a +0 pair of gloves (worn)
Scrolls
 c - 5 scrolls of identify
 o - a scroll of fear
Jewellery
 g - a ring of see invisible (left hand)
 i - an uncursed amulet of stasis
 n - an amulet of resist corrosion (around neck)
Books
 b - a book of Flames

   Spells                             Type                      Level
   *Flame Tongue                      Conjuration/Fire             1
   *Throw Flame                       Conjuration/Fire             2
   *Conjure Flame                     Conjuration/Fire             3
   *Inner Flame                       Hexes/Fire                   3
   Sticky Flame                       Conjuration/Fire             4
   *Fireball                          Conjuration/Fire             5


   Skills:
 - Level 1.5 Dodging
 - Level 1.5 Stealth
 * Level 6.3 Spellcasting
 - Level 0.7 Conjurations
 * Level 5.8 Fire Magic


You had 4 spell levels left.
You knew the following spells:

 Your Spells              Type           Power        Failure   Level  Hunger
a - Flame Tongue          Conj/Fire      ###..        4%          1    N/A
b - Throw Flame           Conj/Fire      ###...       8%          2    N/A
c - Conjure Flame         Conj/Fire      ###.....     12%         3    N/A
d - Inner Flame           Hex/Fire       ##......     14%         3    N/A
e - Fireball              Conj/Fire      ###.......   91%         5    N/A

Dungeon Overview and Level Annotations

Branches:
Dungeon (5/15)             Temple (1/1) D:4

Altars:
Cheibriados
Elyvilon
Fedhas
Gozag
Kikubaaqudgha
Makhleb
Nemelex Xobeh
Okawaru
Qazlal
Sif Muna
Trog
Vehumet
Yredelemnul
Zin


Innate Abilities, Weirdness & Mutations

You do not eat or drink.
Your flesh is vulnerable to fire.
Your flesh is cold resistant.
You are immune to negative energy.
Your system is resistant to poisons.
You are immune to unholy pain and torment.
You can survive without breathing.


Message History

Confirm with . or Enter, or press ? or * to list all spells.
Aiming: Conjure Flame
Press: ? - help, Dir - move target cursor The fire roars!
The seven-headed hydra is engulfed in roaring flames.
Char dumped successfully.
The seven-headed hydra is engulfed in roaring flames.
Casting: Conjure Flame
Confirm with . or Enter, or press ? or * to list all spells.
Aiming: Flame Tongue
Press: ? - help, Shift-Dir - straight line, f - seven-headed hydra
Aim: a seven-headed hydra (almost dead)
The flame tongue hits the seven-headed hydra.
The seven-headed hydra is almost dead.
The seven-headed hydra bites you.
The seven-headed hydra bites you but does no damage.
The seven-headed hydra bites you!
* * * LOW HITPOINT WARNING * * *
The seven-headed hydra bites you!
You die...

#...#.......>...#.##.#.#.###
#...#'#######......#...#.#
#......######..#...#.#...###
####...........#.<.#.#.###..
#.......###.......#....(.
#..D............#.#.....#
##..#####.......#.#.#.###
#..#####.............##.
#...§§D@.............##.
#..#####.......#........
#..##..........#..##....
#####%.##.....##.#.#..##....
#................#.##.##....
#.###.###.....##.#....[.....
#.#...........##.####.#####'
#.#..............# #)# #.
#.#...........#######%#####.


You could see a seven-headed hydra.

Vanquished Creatures
  2 ogres
  3 vampire bats (D:3)
  The ghost of Money the Ruffian, a weakling MiTm (D:4)
  3 hounds
  An orc priest (D:3)
  3 orc wizards (D:4)
  2 iguanas (D:4)
  5 worker ants (D:4)
  8 adders
  A shadow imp (D:1)
  5 worms
  3 giant geckos
  An ooze (D:5)
  13 orcs
  2 ball pythons (D:4)
  3 bat skeletons (D:3)
  2 bat zombies (D:3)
  6 giant cockroaches
  14 goblins
  8 hobgoblins
  4 jackals (D:2)
  4 quokkas
  22 bats
  5 giant newts
  A goblin skeleton (D:4)
  14 kobolds
  24 rats
160 creatures vanquished.

Notes
Turn   | Place    | Note
--------------------------------------------------------------
     0 | D:1      | Chiseanne, the Mummy Fire Elementalist, began the quest for the Orb.
     0 | D:1      | Reached XP level 1. HP: 13/13 MP: 3/3
   651 | D:1      | Reached XP level 2. HP: 19/19 MP: 2/4
  1327 | D:1      | Reached skill level 3 in Fire Magic
  2042 | D:1      | Learned a level 2 spell: Throw Flame
  2489 | D:1      | Reached XP level 3. HP: 24/24 MP: 4/6
  2497 | D:1      | Learned a level 3 spell: Conjure Flame
  6406 | D:1      | Noticed an ice beast
  7190 | D:1      | Noticed an ogre
  7197 | D:1      | Killed an ogre
  7197 | D:1      | Reached skill level 4 in Fire Magic
  7197 | D:1      | Reached XP level 4. HP: 11/30 MP: 0/9
  7197 | D:1      | Reached XP level 5. HP: 12/35 MP: 0/11
  7387 | D:1      | Learned a level 3 spell: Inner Flame
 10610 | D:1      | Noticed an eight-headed hydra
 11821 | D:2      | Identified a +1 pair of boots of running (You found it on level 2 of the Dungeon)
 16718 | D:2      | Noticed a manticore
 16720 | D:2      | HP: 1/35 [manticore/volley of spikes (19)]
 17946 | D:2      | Noticed a fire dragon
 18280 | D:3      | Reached XP level 6. HP: 41/41 MP: 15/15
 18281 | D:3      | Found an ancient bone altar of Kikubaaqudgha.
 18449 | D:4      | Noticed Money's ghost (weakling MiTm)
 22401 | D:4      | Reached skill level 5 in Spellcasting
 22809 | D:4      | Reached XP level 7. HP: 46/46 MP: 4/18
 22822 | D:4      | Found a sparkling altar of Nemelex Xobeh.
 22913 | D:4      | Reached skill level 5 in Fire Magic
 22920 | D:4      | Learned a level 5 spell: Fireball
 23745 | D:4      | Killed Money's ghost
 24196 | D:4      | Reached skill level 6 in Spellcasting
 24476 | D:4      | Found a staircase to the Ecumenical Temple.
 24548 | Temple   | Entered the Ecumenical Temple
 24557 | Temple   | Became a worshipper of Vehumet
 24988 | D:5      | Entered Level 5 of the Dungeon
 29872 | D:4      | Noticed a seven-headed hydra
 29950 | D:4      | Mangled by a seven-headed hydra

Action                   |  1- 3 |  4- 6 |  7- 9 || total
-------------------------+-------+-------+-------++-------
Melee: Short sword       |    65 |    98 |       ||   163
       Hand axe          |       |     8 |     8 ||    16
       Flail             |       |     5 |       ||     5
 Cast: Flame Tongue      |    41 |   114 |   109 ||   264
       Throw Flame       |    16 |    37 |    40 ||    93
       Conjure Flame     |     1 |    17 |    19 ||    37
       Inner Flame       |       |     5 |     6 ||    11
  Use: Scroll            |     1 |     5 |       ||     6
 Stab: Sleeping          |       |     2 |     2 ||     4
